 Dungeon Crawl Stone Soup version 0.30.1-3-gfc49f6343a (webtiles) character file.

Game seed: 11155494392352117606

47 Heoruswealwe the Conjurer (level 3, -4/19 HPs)
             Began as a Deep Elf Conjurer on Aug 1, 2023.
             Slain by an orc
             ... wielding a +0 vampiric hand axe
              (7 damage)
             ... on level 2 of the Dungeon.
             The game lasted 00:07:55 (952 turns).

Heoruswealwe the Conjurer (Deep Elf Conjurer)        Turns: 952, Time: 00:07:55

Health: -4/19      AC:  0    Str:  4    XL:     3   Next: 48%
Magic:  5/10       EV: 12    Int: 24    God:
Gold:   68         SH:  0    Dex: 13    Spells: 4/10 levels left

rFire   . . .        (no weapon)
rCold   . . .        (no shield)
rNeg    . . .        (no body armour)
rPois   .            (no helmet)
rElec   .            (no cloak)
rCorr   .            (no gloves)
SInv    .            (no boots)
Will    +....        (no amulet)
Stlth   ++           k - ring of willpower
HPRegen 0.23/turn    (no ring)
MPRegen 0.12/turn

%: no passive effects
@: no status effects
A: no striking features
a: no special abilities


You were on level 2 of the Dungeon.
You visited 1 branch of the dungeon, and saw 2 of its levels.

You collected 68 gold pieces.

Inventory:

Jewellery
 k - a ring of willpower (left hand)
Scrolls
 b - a scroll of silence {unknown}
 e - a scroll of magic mapping {unknown}
 g - a scroll of fear {unknown}
 m - a scroll of teleportation {unknown}
Potions
 d - a potion of mutation {unknown}
 h - a potion of haste {unknown}
 i - a potion of might {unknown}
 j - a potion of cancellation {unknown}
 l - a potion of berserk rage {unknown}


   Skills:
 - Level 2.4 Dodging
 - Level 2.4 Stealth
 + Level 4.3 Spellcasting
 + Level 5.1 Conjurations


You had 4 spell levels left.
You knew the following spells:

 Your Spells              Type           Power      Damage    Failure   Level
a - Magic Dart            Conj           100%       1d8       1%          1
b - Searing Ray           Conj           60%        2d6       1%          2
c - Dazzling Flash        Conj/Hex       34%        N/A       10%         3

Your spell library contained the following spells:

 Spells                   Type           Power      Damage    Failure   Level
 Fulminant Prism          Conj/Hex       8%         3d6       32%         4
 Iskenderun's Mystic Bla  Conj/Tloc      17%        2d5       32%         4


Dungeon Overview and Level Annotations

Branches:
Dungeon (2/15)

Altars:


Message History

Found 9 stones.
You see here 9 stones.
Found 12 gold pieces.
An orc and an endoplasm come into view.
The orc is wielding a +0 vampiric hand axe.
The orc shouts!
The endoplasm quivers.
An endoplasm comes into view.
The orc moves out of view.
The endoplasm moves out of view.
Found an escape hatch in the ceiling.
The endoplasm barely misses you.
The magic dart hits the endoplasm but does no damage.
The endoplasm hits you. The endoplasm freezes you.
You are frozen.
The magic dart hits the endoplasm.
The endoplasm is moderately wounded.
The endoplasm freezes you.
You are frozen.
The endoplasm freezes you.
You are frozen.
You are too injured to fight recklessly!
The endoplasm attacks as you move away! The endoplasm hits you.
* * * LOW HITPOINT WARNING * * *
The endoplasm attacks as you move away! The endoplasm hits you.
* * * LOW HITPOINT WARNING * * *
Casting: Magic Dart (safe; 1% risk of failure)
Confirm with . or Enter, or press ? or * to list all spells.
Aiming: Searing Ray (safe; 1% risk of failure)
Press: ? - help, Shift-Dir - straight line, f/p - endoplasm
Aim: an endoplasm (moderately wounded, 98% to hit)
The searing ray misses the orc.
The searing ray hits the endoplasm.
The endoplasm is heavily wounded. (Press . to maintain the ray.)
The orc barely misses you.
The searing ray hits the orc.
The orc is moderately wounded.
The searing ray hits the endoplasm.
You kill the endoplasm!
The orc hits you with a +0 vampiric hand axe!
You die...

#.# #....#
#.##.# #.#
#.#### #....#
#
######..######
#.(...........
#.####.#######
#.# #.# #.#
#.# ###.# #.#
#@..# #.#
#o### #.#
...<...J.# #.#
.#.####..#
#..# ....
#..## #..#
#..#


You could see an orc and an endoplasm.

Vanquished Creatures
  A worm (D:2)
  A dart slug (D:2)
  3 bats (D:1)
  2 endoplasms
  2 giant cockroaches (D:1)
  4 goblins
  5 hobgoblins
  6 jackals (D:1)
  4 kobolds (D:1)
  2 quokkas (D:1)
  4 ball pythons (D:1)
  A frilled lizard (D:2)
  2 rats
37 creatures vanquished.

Notes
Turn   | Place    | Note
-------+----------+-------------------------------------------
     0 | D:1      | Heoruswealwe the Deep Elf Conjurer began the quest for the
                  | Orb.
     0 | D:1      | Reached XP level 1. HP: 10/10 MP: 6/6
    87 | D:1      | Reached XP level 2. HP: 15/15 MP: 2/8
    90 | D:1      | Learned a level 2 spell: Searing Ray
   561 | D:1      | Reached skill level 5 in Conjurations
   561 | D:1      | Reached XP level 3. HP: 19/19 MP: 8/10
   565 | D:1      | Learned a level 3 spell: Dazzling Flash
   952 | D:2      | Slain by an orc

Illustrated notes

Levels and vault maps discovered:
D:1:      wander_arrival_chamber, layout_loops_ring
D:2:      layout_loops_ring, basic_altar

Skill      XL: |  1  2 |
---------------+-------+-----
Spellcasting   | 4 |  4.3
Conjurations   | 5 |  5.1
Dodging        | |  2.4
Stealth        | |  2.4

Action                     || total
---------------------------++-------
   Cast: Magic Dart        ||    66
         Searing Ray       ||     2
    Use: Potion            ||     1
 Armour: Robe              ||     2
  Dodge: Dodged            ||    19
